 Dungeon Crawl Stone Soup version 0.13-a0-2884-gbbf8bdf (webtiles) character file.

104 M4edhros the Cutter (level 3, 23/24 HPs)
             Began as a Halfling Death Knight on Aug 26, 2013.
             Was a Believer of Yredelemnul.
             Quit the game on Level 2 of the Dungeon on Aug 29, 2013.
             The game lasted 00:02:51 (1198 turns).

M4edhros the Cutter (Halfling Death Knight)         Turns: 1198, Time: 00:02:51

HP  23/24        AC  3     Str 10      XL: 3   Next: 60%
MP   5/5         EV 12     Int 12      God: Yredelemnul [**....]
Gold 67          SH  0     Dex 15      Spells:  0 memorised,  2 levels left

Res.Fire  : . . .   See Invis. : .   a - +1 short sword
Res.Cold  : . . .   Warding    : .   b - +0 leather armour
Life Prot.: . . .   Conserve   : .   (no shield)
Res.Poison: .       Res.Corr.  : .   (no helmet)
Res.Elec. : .       Clarity    : .   (no cloak)
Sust.Abil.: . .     Spirit.Shd : .   (no gloves)
Res.Mut.  : .       Stasis     : .   (no boots)
Res.Rott. : .       Flight     : .   (no amulet)
Saprovore : . . .                    (no ring)
                                     (no ring)

@: not resistant to hostile enchantments, fairly stealthy
A: mutation resistance 1, slow metabolism 1
a: Animate Remains, Recall Undead Slaves, Injury Mirror, Renounce Religion


You were on level 2 of the Dungeon.
You worshipped Yredelemnul.
Yredelemnul was most pleased with you.
You were not hungry.

You visited 1 branch of the dungeon, and saw 2 of its levels.

You collected 47 gold pieces.

Inventory:

Hand weapons
 a - a +1,+1 short sword (weapon)
Armour
 b - a +0 leather armour (worn)
Comestibles
 c - a bread ration
 j - a meat ration
 m - a choko
Scrolls
 f - a scroll of curse armour {unknown}
 g - 2 scrolls of amnesia {unknown}
 h - a scroll of identify {unknown}
 l - a scroll of curse jewellery {unknown}
 n - a scroll of remove curse {unknown}
Potions
 d - a potion of restore abilities {unknown}
 e - a potion of curing {unknown}
 i - a potion of flight {unknown}
 k - a potion of magic {unknown}


   Skills:
 - Level 1.7 Fighting
 + Level 3.9 Short Blades
 - Level 0.7 Armour
 - Level 1.2 Dodging
 + Level 3.0 Stealth
 - Level 3.0 Invocations


You had 2 spell levels left.
You didn't know any spells.

Dungeon Overview and Level Annotations

Branches:
Dungeon (2/27)

Altars:
Fedhas


Innate Abilities, Weirdness & Mutations

You are small and have problems with some larger weapons.
You are somewhat resistant to further mutation.
You have a slow metabolism.


Message History

The giant newt bites you but does no damage.
A giant newt is nearby!
A giant newt is nearby!
You barely miss the giant newt. The giant newt closely misses you.
A giant newt is nearby!
You miss the giant newt.
A giant newt is nearby!
You closely miss the giant newt. The giant newt closely misses you.
A giant newt is nearby!
You hit the giant newt.
The giant newt is heavily wounded.
The giant newt barely misses you.
A giant newt is nearby!
You miss the giant newt.
The giant newt is heavily wounded.
The giant newt bites you but does no damage.
Welcome back, M4edhros the Halfling Death Knight.
Yredelemnul says: Carry the black torch!
Rouse the idle dead!
Press ? for a list of commands and other information.
Are you sure you want to abandon this character and quit the game? (Confirm with "yes".)

#.# #..#.# #..# #..
#..#.# #..#
######..#.#######..#
....................#
######..############
##..# #...#
...#.#####.#%#
.>.....l@....#
...#.........#
....#####.### ... ..#
. ####


You could see a giant newt.

Vanquished Creatures
  2 giant geckos (D:1)
  A ball python (D:2)
  4 bats
  2 giant cockroaches (D:2)
  3 goblins (D:1)
  3 hobgoblins (D:1)
  8 jackals
  2 giant newts (D:1)
  3 kobolds
  A rat (D:2)
29 creatures vanquished.

Notes
Turn   | Place    | Note
--------------------------------------------------------------
     0 | D:1      | M4edhros, the Halfling Death Knight, began the quest for the Orb.
     0 | D:1      | Reached XP level 1. HP: 14/14 MP: 2/2
    89 | D:1      | Reached skill level 1 in Stealth
   101 | D:1      | Reached XP level 2. HP: 17/19 MP: 4/4
   699 | D:1      | Reached XP level 3. HP: 24/24 MP: 5/5
   889 | D:2      | Acquired Yredelemnul's second power
  1121 | D:2      | Found a blossoming altar of Fedhas.
  1198 | D:2      | Upgraded the game from 0.13-a0-2816-gd8154f0 to 0.13-a0-2884-gbbf8bdf
  1198 | D:2      | Quit the game

Action                   || total
-------------------------++-------
Melee: Short sword       ||   112
 Stab: Sleeping          ||     3
